 Dungeon Crawl Stone Soup version 0.29-a0-925-g0a7a3d12f8 (webtiles) character file.

Game seed: 9774871309899589069

1288 leavemydog the Cleaver (level 8, -1/70 HPs)
             Began as a Hill Orc Fighter on July 29, 2022.
             Slain by an iguana (7 damage)
             ... on level 6 of the Dungeon.
             The game lasted 00:09:09 (7004 turns).

leavemydog the Cleaver (Hill Orc Fighter)           Turns: 7004, Time: 00:09:09

Health: -1/70      AC:  9    Str: 21    XL:     8   Next: 55%
Magic:  8/8        EV:  9    Int:  8    God:
Gold:   253        SH:  4    Dex: 10    Spells: 7/7 levels left

rFire   . . .      SeeInvis .   a - +0 war axe
rCold   . . .      Faith    .   c - +0 buckler
rNeg    . . .      Spirit   .   b - +0 scale mail
rPois   .          Reflect  .   (no helmet)
rElec   .          Harm     .   (no cloak)
rCorr   .          Rampage  .   v - +0 pair of gloves
Will    .....                   (no boots)
Stlth   ..........              (no amulet)
HPRegen 0.21/turn               (no ring)
MPRegen 0.11/turn               (no ring)

@: lethally poisoned (-1 -> -4)
A: no striking features
a: no special abilities


You were on level 6 of the Dungeon.
You visited 1 branch of the dungeon, and saw 6 of its levels.

You collected 253 gold pieces.

Inventory:

Hand Weapons
 a - a +0 war axe (weapon)
Armour
 b - a +0 scale mail (worn)
 c - a +0 buckler (worn)
 v - a +0 pair of gloves (worn)
Wands
 w - a wand of roots (3)
Scrolls
 d - a scroll of teleportation
 e - a scroll of poison {unknown}
 g - 2 scrolls of immolation
 j - a scroll of acquirement {unknown}
 l - 2 scrolls of vulnerability {unknown}
 m - a scroll of magic mapping {unknown}
 n - a scroll of brand weapon {unknown}
 o - a scroll of blinking {unknown}
 q - 2 scrolls of amnesia {unknown}
 t - 2 scrolls of enchant weapon {unknown}
 u - a scroll of fear {unknown}
Potions
 f - a potion of attraction
 i - 2 potions of haste
 k - 3 potions of berserk rage
 p - a potion of cancellation {unknown}
 r - a potion of flight {unknown}
 s - a potion of curing
 x - a potion of ambrosia {unknown}
 z - a potion of brilliance {unknown}


   Skills:
 + Level 5.9 Fighting
 * Level 10.0 Axes
 + Level 6.3 Armour
 + Level 4.3 Shields


You had 7 spell levels left.
You didn't know any spells.
Your spell library contained the following spells:

 Spells                   Type           Power      Damage    Failure   Level
 Apportation              Tloc           0%         N/A       82%         1
 Alistair's Intoxication  Tmut/Pois      0%         N/A       100%        5
 Borgnjor's Vile Clutch   Necr/Erth      0%         N/A       100%        5
 Eringya's Noxious Bog    Tmut/Pois      0%         N/A       100%        6


Dungeon Overview and Level Annotations

Branches:
Dungeon (6/15)
 Temple: D:4-7

Altars:
Ashenzari
Uskayaw

Annotations:
D:5 5 runed translucent doors


Message History

Reactivating autopickup.
You feel a bit more experienced.
You feel extremely sick. The orc priest hits you with a +0 club.
You hit the orc priest but do no damage.
The orc priest shouts, "Surrender to Beogh and we'll let you live!"
The orc priest is severely wounded.
You hit the iguana but do no damage.
You feel very sick.
The orc priest threatens, "By the altar or by the axe, you will meet Beogh!"
You block the orc priest's attack. The iguana barely misses you.
You slash the orc priest!
You kill the orc priest!
You slash the iguana!
You feel very sick. The iguana bites you!
* * * LOW HITPOINT WARNING * * *
Your Axes skill increases to level 10!
You barely miss the iguana.
The iguana is heavily wounded.
* * * LOW HITPOINT WARNING * * *
You feel very sick. The iguana bites you.
* * * LOW HITPOINT WARNING * * *
You feel much better.
You feel sick. The iguana bites you.
* * * LOW HITPOINT WARNING * * *
You hit the iguana but do no damage.
The iguana is heavily wounded.
You feel sick. The iguana barely misses you.
You barely miss the iguana.
The iguana is heavily wounded.
You feel sick. The iguana closely misses you.
You closely miss the iguana.
The iguana is heavily wounded.
You feel sick. The iguana bites you.
* * * LOW HITPOINT WARNING * * *
You hit the iguana.
The iguana is almost dead.
You feel sick. The iguana bites you!
You die...

#####
##...############
#....#...........
####.#..#.##########
##.........##........
......_..............
..o.....#####.#.....†
##.##)#.# #.#.#..#.
#@)..#####.#.#..##
#l.........#.#....
#.....####........
#.....###.<..#....
#............#####
#....###.#...##...
#...........###.##
................##
................##


You could see an iguana.

Vanquished Creatures
  Sigmund (D:5)
  Eustachio (D:5)
  A black bear (D:4)
  A scorpion (D:6)
  3 orc priests
  A hound (D:6)
  2 jellies (D:4)
  5 iguanas
  Natasha (D:4)
  4 orc wizards
  16 gnolls
  13 adders
  A shadow imp (D:6)
  2 white imps (D:5)
  2 worms (D:4)
  2 dart slugs
  18 orcs
  2 ball pythons (D:1)
  4 endoplasms
  2 giant cockroaches
  8 goblins
  9 hobgoblins
  4 jackals (D:1)
  11 quokkas
  3 bats (D:2)
  3 frilled lizards
  10 kobolds
  5 rats
135 creatures vanquished.

Notes
Turn   | Place    | Note
-------+----------+-------------------------------------------
     0 | D:1      | leavemydog the Hill Orc Fighter began the quest for the
                  | Orb.
     0 | D:1      | Reached XP level 1. HP: 19/19 MP: 1/1
    49 | D:1      | Reached XP level 2. HP: 24/27 MP: 2/2
   156 | D:1      | Reached skill level 3 in Axes
   404 | D:1      | Reached XP level 3. HP: 33/33 MP: 3/3
  1031 | D:2      | Reached skill level 4 in Axes
  1042 | D:2      | Reached XP level 4. HP: 18/40 MP: 4/4
  1308 | D:2      | Reached XP level 5. HP: 18/47 MP: 5/5
  1599 | D:2      | Found a broken altar of Ashenzari.
  1632 | D:2      | Reached skill level 5 in Axes
  2794 | D:3      | Reached XP level 6. HP: 51/53 MP: 6/6
  2847 | D:3      | Reached skill level 6 in Axes
  3415 | D:3      | Found a faded altar of an unknown god.
  3874 | D:4      | Noticed a black bear
  3967 | D:4      | Killed a black bear
  3968 | D:4      | Reached skill level 5 in Fighting
  3968 | D:4      | Reached skill level 7 in Axes
  3968 | D:4      | Reached XP level 7. HP: 27/61 MP: 7/7
  4823 | D:4      | Reached skill level 5 in Armour
  4988 | D:4      | Noticed Natasha
  4995 | D:4      | Killed Natasha
  5255 | D:5      | Entered Level 5 of the Dungeon
  5271 | D:5      | Noticed Eustachio
  5286 | D:5      | Killed Eustachio
  5287 | D:5      | Reached skill level 8 in Axes
  5931 | D:5      | Reached XP level 8. HP: 56/68 MP: 8/8
  5936 | D:5      | Reached skill level 9 in Axes
  6278 | D:5      | Found a runed translucent door.
  6282 | D:5      | Noticed Sigmund
  6304 | D:5      | Killed Sigmund
  6387 | D:5      | Found a runed translucent gate.
  6387 | D:5      | Found a runed translucent gate.
  6396 | D:5      | Found a runed translucent gate.
  6405 | D:5      | Found a runed translucent door.
  6412 | D:5      | Found the +9 staff of Olgreb {rPois∞}
  6973 | D:6      | Found a hide-covered altar of Uskayaw.
  6999 | D:6      | Reached skill level 10 in Axes
  7004 | D:6      | Slain by an iguana

Illustrated notes

Levels and vault maps discovered:
D:1:      heliophobic_arrival_ceremonial_halls, layout_basic
D:2:      layout_basic, basic_altar, minmay_pentomino_w4
D:3:      layout_loops_ring, ebering_ecumenical_altar_rust,
          minmay_misc_feat_roman, minmay_strange_pillars
D:4:      layout_gridville, uniq_natasha
D:5:      layout_basic, minmay_guarded_unrand_staff_of_olgreb, uniq_eustachio,
          uniq_sigmund
D:6:      layout_basic, mainiacjoe_overflow_tiny_flanked

Skill      XL: |  1  2  3  4  5  6  7  8 |
---------------+-------------------------+-----
Axes           | 3 4 5 7 8 10 | 10.0
Fighting       | 4 5 |  5.9
Armour         | 4 5 6 |  6.3
Shields        | 4 |  4.3

Action                   |  1- 3 |  4- 6 |  7- 9 || total
-------------------------+-------+-------+-------++-------
Melee: War axe           |    82 |   176 |   191 ||   449
  Use: Potion            |       |     3 |     1 ||     4
       Scroll            |       |     4 |     1 ||     5
Armor: Scale mail        |    48 |    69 |    60 ||   177
Dodge: Dodged            |    47 |   100 |    62 ||   209
Block: Buckler           |    23 |    63 |    32 ||   118

Table legend: (Time is in decaauts)
 A = Elapsed time spent in this place.
 B = Non-inter-level travel time spent in this place.
 C = Inter-level travel time spent in this place.
 D = Time resting spent in this place.
 E = Time spent auto-exploring this place.
 F = Levels seen in this place.
 G = Mean time per level.
                   A        B        C        D        E       F      G
               +--------+--------+--------+--------+--------+-----+--------+
         Total |   7106 |   6979 |    127 |   2028 |   3917 |   6 | 1184.3 |
       Dungeon |   7106 |   6979 |    127 |   2028 |   3917 |   6 | 1184.3 |
               +--------+--------+--------+--------+--------+-----+--------+

Top non-repeatable levels by time:
     D:4: 1540 daAuts
     D:5: 1508 daAuts
     D:2: 1450 daAuts
     D:3: 1237 daAuts
     D:1: 1119 daAuts
     D:6: 250 daAuts
